 Dungeon Crawl Stone Soup version 0.22-a0-570-g58866f5 (webtiles) character file.

278 Hebeh the Chopper (level 6, 0/55 HPs)
             Began as a Minotaur Fighter on June 30, 2018.
             Succumbed to a scorpion's poison
             ... on level 4 of the Dungeon.
             The game lasted 00:08:47 (2983 turns).

Hebeh the Chopper (Minotaur Fighter)                Turns: 2983, Time: 00:08:49

Health: 0/55       AC:  7    Str: 22    XL:     6   Next: 5%
Magic:  5/5        EV:  8    Int:  5    God:
Gold:   117        SH: 10    Dex: 10    Spells: 5/5 levels left

rFire    + . .     SeeInvis +   a - +1 war axe
rCold    . . .     Gourm    .   c - +0 shield
rNeg     . . .     Faith    .   t - +1 ring mail {rF+}
rPois    .         Spirit   .   (helmet restricted)
rElec    .         Reflect  .   (no cloak)
rCorr    .         Harm     .   (no gloves)
MR       .....                  (no boots)
Stlth    ..........             (no amulet)
HPRegen  0.18/turn              l - ring of see invisible
MPRegen  0.09/turn              (no ring)

@: lethally poisoned (0 -> -41)
A: retaliatory headbutt, horns 2
a: no special abilities


You were on level 4 of the Dungeon.
You were not hungry.

You visited 1 branch of the dungeon, and saw 4 of its levels.

You collected 117 gold pieces.

Inventory:

Hand Weapons
 a - a +1 war axe (weapon)
Armour
 c - a +0 shield (worn)
 t - a +1 ring mail of fire resistance (worn)
Jewellery
 l - a ring of see invisible (left hand)
Wands
 v - a wand of flame (35)
 w - a wand of enslavement (4)
Scrolls
 e - a scroll of enchant weapon
 i - a scroll of amnesia
 j - a scroll of teleportation
 k - 2 scrolls of remove curse
 m - a scroll of identify
Potions
 b - a potion of flight {unknown}
 d - 2 potions of might
 h - 4 potions of heal wounds
 r - a potion of ambrosia {unknown}
 s - a potion of haste {unknown}
 u - 2 potions of curing {unknown}
Comestibles
 f - 6 rations
 g - 2 chunks of flesh


   Skills:
 + Level 4.8 Fighting
 * Level 5.1 Axes
 + Level 5.0 Armour
 + Level 4.8 Shields


You had 5 spell levels left.
You didn't know any spells.
Your spell library was empty.

Dungeon Overview and Level Annotations

Branches:
Dungeon (4/15)
 Temple: D:4-7

Altars:
Fedhas


Innate Abilities, Weirdness & Mutations

You reflexively headbutt those who attack you in melee.
You have a pair of horns on your head.


Message History

You are too injured to fight recklessly!
You are too injured to fight recklessly!
You are too injured to fight recklessly!
You are too injured to fight recklessly!
You closely miss the scorpion. Your headbutt misses the scorpion.
The scorpion is severely wounded.
You feel very sick. The scorpion stings you.
* * * LOW HITPOINT WARNING * * *
You are more poisoned.
The scorpion poisons you!
Your shield prevents you from hitting the scorpion.
The scorpion is severely wounded.
* * * LOW HITPOINT WARNING * * *
You feel very sick. The scorpion stings you.
* * * LOW HITPOINT WARNING * * *
You closely miss the scorpion.
The scorpion is severely wounded.
You die...

#......<# #..
..........'
#########+###.#
######....# #....##.#
#....# #....##.# #....#
#....##.# #....#
#....##.# ######
####....##.#
......s.##.#############
###...@##..............
.................#######
.##.#..#########.#
....#. #.# ####... #.# #
..##.. #<# # #.# #.. ###
# #) ... # #


You could see a scorpion.

Vanquished Creatures
  A centaur skeleton (D:2)
  An orc priest (D:3)
  Ijyb (D:3)
  6 adders
  4 oozes
  An adder skeleton (D:4)
  3 worms
  3 dart slugs (D:1)
  3 leopard geckos
  5 orcs (D:3)
  3 ball pythons
  9 bats
  4 giant cockroaches
  8 goblins
  9 hobgoblins
  12 jackals
  9 kobolds
  3 quokkas
  4 frilled lizards (D:1)
  A jackal skeleton (D:3)
  A leopard gecko skeleton (D:4)
  9 rats
100 creatures vanquished.

Notes
Turn   | Place    | Note
-------+----------+-------------------------------------------
     0 | D:1      | Hebeh the Minotaur Fighter began the quest for the Orb.
     0 | D:1      | Reached XP level 1. HP: 19/19 MP: 0/0
    48 | D:1      | Reached XP level 2. HP: 27/27 MP: 1/1
   173 | D:1      | Reached XP level 3. HP: 31/33 MP: 2/2
   886 | D:2      | Reached XP level 4. HP: 39/40 MP: 3/3
  1484 | D:2      | Found a blossoming altar of Fedhas.
  1605 | D:3      | Reached XP level 5. HP: 47/47 MP: 4/4
  2171 | D:3      | Noticed Ijyb
  2229 | D:3      | Killed Ijyb
  2229 | D:3      | Reached skill level 5 in Axes
  2769 | D:4      | Reached skill level 5 in Armour
  2769 | D:4      | Reached XP level 6. HP: 55/55 MP: 5/5
  2983 | D:4      | Succumbed to a scorpion's poison

Vault maps used:
D:1:      tarquinn_simple_flora_water_a, minivault_5, minivault_26,
          minmay_unequal
D:2:      fedhas_altar_fruit_tree
D:3:      grunt_ministairs_1, uniq_ijyb
D:4:      serial_shops, kennysheep_mini_moat, minmay_checkerbox

Skill      XL: |  1  2  3  4  5 |
---------------+----------------+-----
Axes           | 3 4 5 |  5.1
Armour         | 4 5 |  5.0
Fighting       | 4 |  4.8
Shields        | 4 |  4.8

Action                   |  1- 3 |  4- 6 || total
-------------------------+-------+-------++-------
Melee: War axe           |    95 |   156 ||   251
       Headbutt          |    12 |    19 ||    31
  Use: Scroll            |       |     9 ||     9
  Eat: Chunk             |       |     5 ||     5
       Ration            |       |     1 ||     1
Armor: Scale mail        |    39 |    64 ||   103
       Ring mail         |       |     8 ||     8
Dodge: Dodged            |    38 |    45 ||    83
Block: Shield            |    45 |    70 ||   115

Table legend:
 A = Spawn XP
 B = Non-spawn XP
 C = Spawn XP percentage of total XP
 D = Spawn monster count
 E = Non-spawn monster count
 F = Spawn count percentage of total count
 G = Total turns spent on level
                    A         B        C        D         E        F      G
               +---------+---------+-------+---------+---------+-------+---------
         Total |       0 |     398 |   0.0 |       0 |     100 |   0.0 |  2983
               +---------+---------+-------+---------+---------+-------+---------
           D:1 |       0 |      81 |   0.0 |       0 |      39 |   0.0 |   807
           D:2 |       0 |     107 |   0.0 |       0 |      23 |   0.0 |   785
           D:3 |       0 |     176 |   0.0 |       0 |      33 |   0.0 |  1102
           D:4 |       0 |      34 |   0.0 |       0 |       5 |   0.0 |   289
               +---------+---------+-------+---------+---------+-------+---------
